Map: Battle on the Boardwalk LE

Players

acolyte

  • Race: Terran Terran
  • League: Diamond
  • Spawn Location: 1:00

Dessa - Winner!

  • Race: Zerg Zerg
  • League: Diamond
  • Spawn Location: 11:00

VOD

Have the link to the VOD?

Description

Time

  • Played on: Jan. 5, 2018, 2:34 p.m.
  • Length: 17:11
Show
View Real Time Build Order
Export as new Build Order

acolyte Terran 

Build Orders: Mech 

Get SALT Encoding   

  12  0:01  SCV  
  13  0:13  SCV  
  14  0:20  Supply Depot  
  14  0:25  SCV  
  15  0:42  Barracks  
  15  1:08  Command Center  
  15  1:14  SCV  
  16  1:26  SCV  
  16  1:29  Supply Depot  
  16  1:32  Marine  
  18  1:38  SCV  
  19  1:49  Marine  
  19  1:50  SCV  
  21  1:57  Refinery  
  21  1:58  Refinery  
  21  2:02  SCV  
  21  2:07  Marine  
  23  2:13  Engineering Bay  
  24  2:19  Orbital Command  
  23  2:23  SCV  
  23  2:27  Marine  
  25  2:35  SCV  
  26  2:50  Marine  
  27  2:54  SCV  
  28  3:07  SCV, Marine  
  28  3:09  Planetary Fortress  
  31  3:20  SCV  
  31  3:25  Marine  
  31  3:26  Refinery  
  32  3:28  Factory  
  32  3:32  SCV  
  33  3:41  Factory  
  33  3:44  SCV  
  33  3:45  SCV  
  33  3:47  Marine  
  36  3:56  SCV  
  36  3:57  SCV  
  36  4:02  Supply Depot  
  38  4:06  Marine  
  38  4:08  SCV  
  41  4:10  SCV  
  41  4:12  Factory Tech Lab  
  41  4:17  Armory  
  41  4:20  SCV  
  41  4:22  SCV  
  43  4:27  Armory  
  43  4:31  Factory Reactor  
  43  4:32  SCV  
  43  4:34  SCV  
  45  4:39  Missile Turret  
  45  4:41  Missile Turret  
  45  4:44  SCV  
  46  4:47  SCV  
  46  4:51  Siege Tank  
  50  4:56  SCV  
  50  4:58  Supply Depot  
  50  4:59  SCV  
  52  5:07  Refinery  
  52  5:08  Terran Vehicle Weapons Level 1  
  52  5:12  SCV  
  54  5:16  Terran Vehicle And Ship Armor Level 1  
  54  5:20  Hellbat x2  
  58  5:25  Supply Depot  
  58  5:26  SCV  
  58  5:27  SCV  
  59  5:33  Siege Tank  
  62  5:39  Supply Depot  
  62  5:47  SCV  
  63  5:51  Factory  
  63  5:53  Factory  
  63  6:03  Hellbat  
  63  6:04  Hellbat  
  67  6:05  Infernal Pre-Igniter  
  67  6:08  SCV  
  68  6:20  Factory  
  68  6:31  Thor  
  74  6:34  Hellbat  
  74  6:36  Factory Tech Lab  
  76  6:40  Factory Tech Lab  
  76  6:41  SCV x2  
  78  6:47  Supply Depot  
  78  6:48  Command Center  
  78  6:51  Supply Depot  
  78  6:55  SCV  
  78  7:00  Supply Depot  
  79  7:01  Supply Depot  
  79  7:05  Hellbat x2  
  83  7:19  Thor  
  95  7:27  Supply Depot, Terran Vehicle Weapons Level 2  
  95  7:31  SCV  
  96  7:43  Command Center  
  96  7:45  Hellbat  
  96  7:46  Hellbat  
  96  7:47  Factory Reactor  
  94  7:51  Terran Vehicle And Ship Armor Level 2  
  94  7:53  Thor  
  94  7:57  Hellbat  
  102  8:03  Supply Depot  
  102  8:07  Supply Depot, Hellbat  
  102  8:10  Hellbat  
  106  8:18  Starport  
  106  8:22  SCV  
  106  8:23  Starport  
  106  8:25  Hellbat  
  109  8:31  Hellbat  
  109  8:33  Hellbat  
  113  8:39  Hellbat  
  113  8:40  Hellbat  
  117  8:47  Hellbat  
  119  8:50  SCV  
  119  8:52  Hellbat  
  119  8:54  Hellbat  
  85  9:15  Thor  
  85  9:16  Thor, Hellbat  
  79  9:41  Starport Tech Lab x2  
  79  9:44  Thor  
  79  9:45  Hellbat  
  85  9:58  Thor  
  91  10:05  Building Armor  
  91  10:07  Raven  
  91  10:08  Hellbat x2  
  91  10:13  Siege Tank  
  100  10:28  Hellbat  
  102  10:29  Hellbat  
  104  10:41  Siege Tank  
  103  10:45  Siege Tank  
  93  11:08  Thor  
  93  11:10  SCV  
  96  11:13  Refinery, Siege Tank  
  96  11:16  Hellbat x2  
  96  11:18  Hellbat  
  105  11:39  Siege Tank, Hellbat  
  112  11:40  Hellbat  
  112  11:46  Hellbat  
  114  11:51  Siege Tank  
  117  12:13  Siege Tank  
  117  12:14  Siege Tank  
  117  12:29  Command Center  
  117  12:37  Siege Tank  
  120  12:45  Siege Tank  
  123  12:51  Siege Tank  
  123  12:52  Hellbat  
  123  12:53  Hellbat  
  107  13:15  Thor  
  107  13:16  Hellbat  
  107  13:19  SCV  
  116  13:38  Terran Vehicle Weapons Level 3  
  116  14:00  Raven  
  116  14:01  Command Center  
  116  14:02  Refinery  
  118  14:03  Refinery  
  118  14:06  Raven  
  120  14:12  Hellbat x2  
  124  14:22  Hellbat x2  
  128  14:36  Thor  
  134  14:42  SCV, Hellbat  
  134  14:45  SCV  
  138  15:06  Thor  
  104  15:22  Thor  
  110  15:28  SCV  
  110  15:29  SCV  
  112  15:41  Thor  
  112  15:42  Hellbat  
  122  15:43  Hellbat  
  122  15:49  Liberator  
  122  15:57  Thor  
  122  15:58  Hellbat  
  117  16:17  Hellbat  
  86  16:21  Hellbat x2  
  87  16:30  Siege Tank  
Show
View Real Time Build Order
Export as new Build Order

Dessa Zerg - Winner!

Build Orders: Hatch First 

Get SALT Encoding   

  12  0:01  Drone  
  13  0:13  Overlord  
  13  0:17  Drone  
  14  0:31  Drone  
  14  0:32  Drone  
  14  0:35  Drone  
  17  0:55  Hatchery  
  16  0:58  Drone  
  16  1:01  Extractor  
  16  1:03  Drone  
  17  1:15  Spawning Pool  
  17  1:18  Drone  
  17  1:24  Drone  
  18  1:33  Overlord  
  18  1:43  Drone  
  19  2:01  Metabolic Boost  
  19  2:02  Queen  
  19  2:06  Queen  
  19  2:07  Drone  
  24  2:10  Zergling x2  
  24  2:13  Zergling x2  
  26  2:16  Drone  
  26  2:20  Drone  
  28  2:26  Drone  
  29  2:36  Drone  
  30  2:38  Queen  
  32  2:45  Overlord  
  32  2:47  Drone  
  32  2:50  Drone  
  34  2:56  Drone  
  34  2:57  Drone  
  36  3:09  Drone  
  37  3:17  Hatchery  
  36  3:24  Drone  
  36  3:25  Drone x3, Overlord  
  40  3:28  Pneumatized Carapace  
  40  3:32  Drone  
  41  3:40  Drone x3  
  44  3:47  Drone x2, Extractor, Baneling Nest  
  44  3:49  Overlord  
  44  3:56  Drone x3, Extractor  
  44  4:14  Drone x3, Overlord  
  44  4:16  Lair  
  47  4:44  Queen  
  50  4:45  Drone x2  
  50  4:46  Drone x2  
  50  4:47  Zergling x8  
  57  4:57  Overlord  
  57  4:58  Overlord  
  57  5:04  Drone x2  
  57  5:05  Drone, Extractor  
  59  5:10  Evolution Chamber  
  59  5:11  Drone, Evolution Chamber  
  59  5:12  Drone x2, Roach Warren  
  59  5:26  Drone x4  
  59  5:28  Overlord  
  63  5:29  Drone  
  63  5:30  Drone x3  
  63  5:31  Drone x3  
  63  5:32  Drone  
  63  5:33  Overlord  
  71  5:36  Zerg Melee Weapons Level 1  
  71  5:37  Zerg Ground Armor Level 1  
  71  6:02  Roach  
  71  6:03  Roach x2  
  77  6:05  Drone  
  77  6:07  Hydralisk Den  
  77  6:09  Overlord  
  77  6:13  Drone x2, Extractor x2  
  77  6:14  Drone x3  
  77  6:15  Drone x3  
  83  6:20  Drone  
  83  6:21  Drone x2  
  86  6:29  Roach x2, Overlord  
  90  6:38  Extractor  
  90  6:39  Hatchery  
  88  6:40  Roach x2  
  88  6:41  Roach x2  
  88  6:42  Glial Reconstitution  
  88  6:43  Extractor, Overlord x2  
  95  6:52  Overlord x2  
  95  6:53  Roach x2  
  95  6:54  Roach x3  
  105  7:11  Overlord  
  105  7:13  Roach  
  107  7:18  Roach, Hydralisk x4  
  107  7:19  Roach x4  
  125  7:42  Hydralisk x3  
  125  7:43  Hydralisk x7  
  145  7:50  Muscular Augments, Overlord  
  145  7:53  Drone x4  
  145  7:55  Queen  
  145  7:57  Zerg Ground Armor Level 2  
  145  7:58  Zerg Missile Weapons Level 1  
  151  8:02  Baneling x2  
  151  8:03  Baneling x6  
  151  8:06  Overlord x2  
  151  8:08  Centrifical Hooks  
  151  8:36  Overlord  
  151  8:39  Drone x2  
  151  8:40  Drone x4  
  148  9:08  Roach x4, Hydralisk x2  
  148  9:09  Roach x4, Hydralisk x2  
  149  9:10  Roach  
  131  9:23  Hydralisk x3  
  131  9:24  Roach x6, Hydralisk x3  
  127  9:25  Roach  
  141  9:45  Hydralisk  
  141  9:46  Roach x4, Hydralisk x2  
  155  10:02  Hatchery  
  155  10:03  Extractor  
  153  10:11  Infestation Pit  
  153  10:12  Zerg Missile Weapons Level 2  
  152  10:16  Overlord x2  
  152  10:21  Ravager  
  152  10:22  Ravager x8  
  152  10:23  Ravager x2  
  163  10:30  Ravager  
  163  10:31  Ravager x2  
  151  11:15  Queen  
  151  11:17  Hive  
  153  11:18  Roach x2  
  153  11:19  Roach x6, Hydralisk x2  
  153  11:20  Hydralisk x9  
  189  12:21  Roach x3  
  189  12:22  Roach  
  197  12:57  Zerg Ground Armor Level 3, Ultralisk Cavern, Zerg Missile Weapons Level 3  
  146  13:28  Adrenal Glands  
  146  13:35  Drone x2  
  146  13:37  Extractor  
  147  13:44  Chitinous Plating  
  147  13:46  Ultralisk x5  
  147  13:47  Ultralisk x2  
  191  13:48  Roach x3  
  191  13:49  Roach  
  197  14:05  Drone  
  197  14:08  Overlord  
  198  14:11  Extractor x2, Hatchery  
  195  15:02  Spire  
  142  15:17  Ultralisk x5  
  142  15:18  Hydralisk x3  
  142  15:19  Ultralisk, Hydralisk x5  
  142  15:20  Ultralisk, Hydralisk x8  
  142  15:21  Hydralisk x4  
  159  15:22  Ultralisk  
  159  15:27  Hydralisk  
  159  15:28  Roach x5, Hydralisk x5  
  179  15:29  Roach x4  
  167  16:23  Ultralisk x5  
  167  16:24  Zergling x4  
Tags
 
Composition
Mech
Matchup
TvZ
Replay Pack
2017S4
Spawn Locations
Close Positions
Add a new tag
Caveats
  • Supply blocks, unpowered buildings, or Contaminate may cause inaccurate times.
  • Supply counts are checked every 10 seconds.